 Dungeon Crawl Stone Soup version 0.18-a0-739-gdae9da8 (webtiles) character file.

72 Raultor the Slasher (level 4, 19/34 HPs)
             Began as a Demonspawn Gladiator on Dec 10, 2015.
             Quit the game on level 2 of the Dungeon.
             The game lasted 00:03:45 (1058 turns).

Raultor the Slasher (Demonspawn Gladiator)          Turns: 1058, Time: 00:03:45

Health: 19/34      AC: 11    Str: 16    XL:     4   Next: 6%
Magic:  4/4        EV: 11    Int: 10    God:
Gold:   41         SH:  0    Dex: 12    Spells: 0 memorised, 3 levels left

rFire  . . .     SeeInvis .     a - +0 long sword
rCold  . . .     Clarity  .     j - +0 ring mail
rNeg   . . .     SustAt   .     (no shield)
rPois  .         Gourm    .     c - +0 helmet
rElec  .         Spirit   .     (no cloak)
rCorr  .         Dismiss  .     (no gloves)
rMut   .         Stasis   .     h - +0 pair of boots
MR     .....                    (no amulet)
Stlth  +++.......               (no ring)
                                s - ring of stealth {Stlth+}

@: not resistant to hostile enchantments, fairly stealthy
A: rough black scales 1, demonic guardian 1, nightstalker 1
a: no special abilities


You were on level 2 of the Dungeon.
You were not hungry.

You visited 1 branch of the dungeon, and saw 2 of its levels.

You collected 41 gold pieces.

Inventory:

Hand Weapons
 a - a +0 long sword (weapon)
Missiles
 d - 3 throwing nets {=f, !d}
Armour
 b - a +0 leather armour
 c - a +0 helmet (worn)
 h - a +0 pair of boots (worn)
   (You found it on level 1 of the Dungeon)
 j - a +0 ring mail (worn)
   (You found it on level 1 of the Dungeon)
Jewellery
 s - a ring of stealth (left hand) {Stlth+}
   (You found it on level 2 of the Dungeon)
Scrolls
 f - a scroll of fog {unknown}
 i - a scroll of random uselessness {unknown}
 m - 2 scrolls of blinking {unknown}
 n - a scroll of identify {unknown}
 r - a scroll of teleportation {unknown}
Potions
 g - a potion of mutation {unknown}
 k - a potion of might {unknown}
 l - a potion of curing {unknown}
 p - a potion of haste {unknown}
 q - a potion of agility {unknown}
Comestibles
 e - a bread ration {@e1}
 o - a chunk of flesh {@w0}


   Skills:
 + Level 2.3 Fighting
 * Level 3.5 Long Blades
 - Level 1.7 Throwing
 + Level 1.5 Armour
 + Level 3.1 Dodging


You had 3 spell levels left.
You didn't know any spells.

Dungeon Overview and Level Annotations

Branches:
Dungeon (2/15)

Altars:


Innate Abilities, Weirdness & Mutations

You are partially covered in rough black scales (AC +4, Dex -1).
A weak demonic guardian rushes to your aid.
You are slightly more attuned to the shadows.


Message History

A giant newt comes into view.
The giant newt barely misses you.
You slash the giant newt!
You kill the giant newt!
No target in view!
You see here a giant newt corpse.
A bat and a quokka come into view.
The bat hits you but does no damage.
You miss the bat. The bat completely misses you. The bat completely misses you.
Found a stone staircase leading up.
The quokka misses you. The bat barely misses you.
You closely miss the bat. The bat closely misses you. The quokka bites you.
The quokka barely misses you.
You take 2 damage, and have 25/27 hp.
You barely miss the quokka. The quokka barely misses you.
You barely miss the bat. The bat barely misses you.
The quokka closely misses you. The quokka completely misses you.
You hit the quokka.
The quokka bites you but does no damage.
Your ring mail prevents you from hitting the quokka.
The quokka closely misses you. The bat closely misses you.
The quokka barely misses you.
You closely miss the quokka. The bat closely misses you.
The quokka barely misses you.
You slash the quokka!
You kill the quokka!
The bat closely misses you. The bat barely misses you.
You closely miss the bat. The bat closely misses you.
You miss the bat. The bat barely misses you. The bat closely misses you.
The bat hits you but does no damage.
You hit the bat.
You kill the bat!
No target in view!
No target in view!
You see here a quokka corpse.
Found two stone staircases leading down.
Health restored: 27 No target in view!
A quokka comes into view.
The quokka bites you but does no damage.
You closely miss the quokka. The quokka misses you.
The quokka closely misses you.
You miss the quokka. The quokka closely misses you.
You hit the quokka.
You kill the quokka!
No target in view!
s - a small onyx ring Put on which piece of jewellery? (? for menu, Esc to quit)
s - a ring of stealth (left hand)
You enter a teleport trap!
The teleport trap disappears.
Your surroundings suddenly seem different.
A rat comes into view.
Some of the chunks of flesh in your inventory have rotted away.
You see here a mace.
A rat is nearby!
The rat barely misses you.
You are feeling hungry.
You barely miss the rat. The rat bites you but does no damage.
You closely miss the rat. The rat closely misses you.
You slash the rat!
You kill the rat!
No target in view!
Eating one of 2 chunks of flesh {@w0}.
You continue eating. x2
You see here a rat corpse.
A gnoll comes into view.
The gnoll moves out of view.
The gnoll is too close now for your liking.
A gnoll comes into view. It is wielding a flail.
The gnoll shouts!
The gnoll hits you but does no damage.
You barely miss the gnoll. The gnoll barely misses you.
The gnoll closely misses you.
You slash the gnoll!
You kill the gnoll!
The gnoll hits you with a flail.
You take 5 damage, and have 22/28 hp.
You barely miss the gnoll. The gnoll hits you with a flail!
You take 7 damage, and have 15/28 hp.
MASSIVE DAMAGE!!
You hit the gnoll. The gnoll closely misses you.
You barely miss the gnoll. The gnoll barely misses you.
You closely miss the gnoll. The gnoll barely misses you.
A gnoll comes into view. It is wielding a whip.
The gnoll shouts!
You hit the gnoll but do no damage. The gnoll hits you but does no damage.
You hit the gnoll. The gnoll barely misses you.
You hit the gnoll. The gnoll barely misses you.
A gnoll comes into view. It is wielding a spear.
The gnoll shouts!
You slash the gnoll!
You kill the gnoll!
You have reached level 4!
You feel clever.
Your demonic ancestry asserts itself...
You slip into the darkness of the dungeon.
You regained 3 hp, and now have 19/34 hp.
MP restored: 4 Sorry, you're not good enough to have a special ability.

.#####.# #...##...#.#...#..#
.#####.## #...#...........#.#
........# #...#..###.###.##.##
....##..######......###..#).##.##
##......#.............#.#.#.##.##
#....................g.###.##...
##.#.##.#......<......##.......##
.....##.#####...()g#####.##.##.##
#.......# #...@..# #.##.##.##
####.#### #....#.# #.##†##.# #.#
#....#.# #.##.##.# #.#
##......### #.......# ####.#
#..†......# ##.#.#.##
..##.#######..#..###.# #.#...#
#.##.....†...†...###.####.###.#
.................#........###.###
#.###...####.#.....#.###.........


You could see 2 gnolls.

Vanquished Creatures
  An adder (D:2)
  3 gnolls
  5 goblins (D:1)
  3 hobgoblins
  A jackal (D:1)
  2 quokkas (D:2)
  3 bats
  3 giant cockroaches
  2 giant newts
  6 kobolds (D:1)
  5 rats
34 creatures vanquished.

Notes
Turn   | Place    | Note
--------------------------------------------------------------
     0 | D:1      | Raultor the Demonspawn Gladiator began the quest for the Orb.
     0 | D:1      | Reached XP level 1. HP: 16/16 MP: 1/1
   237 | D:1      | Reached skill level 3 in Long Blades
   254 | D:1      | Gained mutation: A weak demonic guardian rushes to your aid. [demonic ancestry]
   254 | D:1      | Reached XP level 2. HP: 15/22 MP: 2/2
   622 | D:1      | Reached skill level 1 in Armour
   622 | D:1      | Reached skill level 3 in Dodging
   622 | D:1      | Gained mutation: You are partially covered in rough black scales (AC +4, Dex -1). [demonic ancestry]
   622 | D:1      | Reached XP level 3. HP: 20/27 MP: 3/3
  1057 | D:2      | Gained mutation: You are slightly more attuned to the shadows. [demonic ancestry]
  1057 | D:2      | Reached XP level 4. HP: 19/34 MP: 4/4
  1058 | D:2      | Quit the game

Vault maps used:
D:1:      dpeg_arrival_castle, serial_bayou_pond_b, serial_park_tiny_2,
          st_stairs_8
D:2:      kennysheep_generic_room_3

Action                   |  1- 3 |  4- 6 || total
-------------------------+-------+-------++-------
Melee: Long sword        |   113 |       ||   113
  Eat: Chunk             |     1 |       ||     1

Vault maps used:
D:1:      dpeg_arrival_castle, serial_bayou_pond_b, serial_park_tiny_2,
          st_stairs_8
D:2:      kennysheep_generic_room_3

Table legend:
 A = Turns spent in this place as a percentage of turns spent in the entire game.
 B = Non-inter-level travel turns spent in this place as a percentage of non-inter-level travel turns spent in the entire game.
 C = Inter-level travel turns spent in this place as a percentage of turns spent in this place.
 D = Turns resting spent in this place as a percentage of non-inter-level travel turns spent in this place.
 E = Turns spent auto-exploring this place as a percentage of non-inter-level travel turns spent in this place.
 F = Non-inter-level travel turns spent in this place divided by the number of levels of this place that you've seen.
                   A       B       C       D       E      F
               +-------+-------+-------+-------+-------+----------------------
         Total | 100.0 | 100.0 |   0.3 |   1.3 |  13.2 | 159.5
       Dungeon | 100.0 | 100.0 |   0.3 |   1.3 |  13.2 | 159.5
               +-------+-------+-------+-------+-------+----------------------

Table legend:
 A = Kills in this place as a percentage of kills in entire the game.
 B = Kills by you in this place as a percentage of kills by you in the entire game.
 C = Kills by friends in this place as a percentage of kills by friends in the entire game.
 D = Other kills in this place as a percentage of other kills in the entire game.
 E = Experience gained in this place as a percentage of experience gained in the entire game.
 F = Experience gained in this place divided by the number of levels of this place that you have seen.
                   A       B       C       D       E      F
               +-------+-------+-------+-------+-------+----------------------
         Total | 100.0 | 100.0 |  -nan |  -nan | 100.0 |  51.5
       Dungeon | 100.0 | 100.0 |  -nan |  -nan | 100.0 |  51.5
               +-------+-------+-------+-------+-------+----------------------
